AoeStats
← All Conquistadors Are BSTRD

Arabian Desert

510547940Analyzed
1v1 RM · 1d ago on Oct 1, 2026· 53m 57s· 2 players
Game mode
Random Map
Map size
Tiny (2 player)
Population
200
Speed
Normal
Resources
Standard
Victory
Conquest
Starting age
Dark Age
Ending age
Imperial Age
RankedLock teamsTeams togetherTeam positionsShared explorationLock speedFull tech treeHidden civsTurbo modeCheats
Victory
Defeat
🇹🇼 Mongols · Taiwan
1343
+14
1305
-14
All Conquistadors Are BSTRD
6:38 Loom
9:10 Feudal Age
9:26 Man-at-Arms
12:53 Double-Bit Axe
13:38 Town Watch
13:48 Horse Collar
19:10 Scale Barding Armor
20:18 Forging
21:19 Gold Mining
22:08 Wheelbarrow
22:25 Bloodlines
25:13 Castle Age
23:51 Bloodlines
26:34 Hand Cart
26:26 Husbandry
27:31 Chain Barding Armor
28:39 Light Cavalry
29:49 Devotion
32:37 Iron Casting
33:41 Heavy Plow
39:47 Gold Mining
39:48 Stone Mining
44:15 Imperial Age
42:28 Gold Shaft Mining
44:18 Masonry
44:29 Ballistics
44:43 Cavalier
46:07 Farimba
46:28 Conscription
46:48 Conscription
47:27 Plate Barding Armor
47:42 Tigui
MS.
5:27 Loom
8:27 Feudal Age
9:18 Horse Collar
9:24 Double-Bit Axe
20:57 Castle Age
19:51 Forging
20:54 Bloodlines
22:12 Fletching
22:18 Gold Mining
22:33 Fletching
27:27 Ballistics
27:52 Wheelbarrow
29:18 Bodkin Arrow
29:47 Town Watch
37:22 Imperial Age
35:19 Padded Archer Armor
35:38 Husbandry
35:29 Light Cavalry
37:59 Leather Archer Armor
38:21 Heavy Plow
38:44 Conscription
40:14 Bracer
40:35 Thumb Ring
40:57 Parthian Tactics
42:16 Scale Barding Armor
42:46 Bow Saw
44:06 Chemistry
42:52 Heavy Camel Rider
46:15 Chain Barding Armor
47:51 Hand Cart
51:30 Hussar
53:38 Elite Mangudai
Connection lost

Rejoining the realm…

Still unreachable

The connection could not be restored.

Session expired

The server has moved on; the page needs a fresh start.